 Dungeon Crawl Stone Soup version 0.28.0-45-g0d030f2227 (webtiles) character file.

Game seed: 17408697908738947679

276 Labrat the Conjurer (level 5, -8/38 HPs)
             Began as a Demigod Conjurer on Apr 23, 2022.
             Mangled by an ogre
             ... wielding a +0 giant club
              (21 damage)
             ... on level 4 of the Dungeon.
             The game lasted 00:09:21 (4353 turns).

Labrat the Conjurer (Demigod Conjurer)              Turns: 4353, Time: 00:09:21

Health: -8/38      AC:  4    Str:  8    XL:     5   Next: 73%
Magic:  14/14      EV: 12    Int: 24    God:
Gold:   168        SH:  0    Dex: 12    Spells: 9/12 levels left

rFire   + . .      SeeInvis .   (no weapon)
rCold   + . .      Faith    .   (no shield)
rNeg    . . .      Spirit   .   k - +2 robe {rC+ rF+}
rPois   .          Reflect  .   (no helmet)
rElec   .          Harm     .   (no cloak)
rCorr   .          Rampage  .   (no gloves)
Will    .....                   (no boots)
Stlth   ++........              (no amulet)
HPRegen 0.12/turn               (no ring)
MPRegen 0.14/turn               (no ring)

@: no status effects
A: high MP 1, forlorn, divine attributes
a: no special abilities


You were on level 4 of the Dungeon.
You visited 1 branch of the dungeon, and saw 4 of its levels.

You collected 168 gold pieces.

Inventory:

Armour
 k - a +2 robe of resistance (worn)
Jewellery
 n - an amulet of reflection
Wands
 m - a wand of iceblast (12)
 o - a wand of charming (13)
Scrolls
 a - a scroll of immolation {unknown}
 b - a scroll of vulnerability {unknown}
 e - a scroll of magic mapping {unknown}
 g - 2 scrolls of identify {unknown}
 h - a scroll of amnesia {unknown}
 j - a scroll of enchant weapon {unknown}
Potions
 c - a potion of attraction {unknown}
 d - 2 potions of curing {unknown}
 f - a potion of degeneration {unknown}
 i - a potion of flight {unknown}
 l - a potion of lignification {unknown}


   Skills:
 - Level 1.7 Dodging
 - Level 1.7 Stealth
 + Level 4.3 Spellcasting
 - Level 5.0 Conjurations


You had 9 spell levels left.
You knew the following spells:

 Your Spells              Type           Power      Damage    Failure   Level
a - Magic Dart            Conj           100%       1d8       1%          1
b - Searing Ray           Conj           58%        2d6       1%          2

Your spell library contained the following spells:

 Spells                   Type           Power      Damage    Failure   Level
 Shock                    Conj/Air       68%        1d7       3%          1
 Slow                     Hex            20%        N/A       10%         1
 Dazzling Flash           Conj/Hex       34%        N/A       10%         3
 Confusing Touch          Hex            5%         N/A       28%         3
 Vampiric Draining        Necr           5%         2d6       28%         3
 Fulminant Prism          Conj/Hex       8%         3d7       32%         4
 Iskenderun's Mystic Bla  Conj/Tloc      17%        2d5       32%         4
 Freezing Cloud           Conj/Ice/Air   6%         6-21      78%         5


Dungeon Overview and Level Annotations

Branches:
Dungeon (4/15)
 Temple: D:4-7

Annotations:
D:3 1 runed translucent door, Crazy Yiuf


Innate Abilities, Weirdness & Mutations

You have an increased reservoir of magic. (+10% MP)
You shall have no god before yourself.
Your divine heritage dramatically boosts your attributes as you level up.


Message History

Press: ? - help, Shift-Dir - straight line, f/p - ball python
Aim: a ball python (moderately wounded, 100% to hit)
The magic dart hits the ball python.
The ball python is heavily wounded.
Casting: Magic Dart (safe; 1% risk of failure)
Confirm with . or Enter, or press ? or * to list all spells.
Aiming: Magic Dart (safe; 1% risk of failure)
Press: ? - help, Shift-Dir - straight line, f/p - ball python
Aim: a ball python (heavily wounded, 100% to hit)
The magic dart hits the ball python.
You kill the ball python!
Casting: Magic Dart (safe; 1% risk of failure)
Confirm with . or Enter, or press ? or * to list all spells.
You can't see any susceptible monsters within range! (Use Z to cast anyway.) Unknown command.
The orc wizard shouts! x3
The orc wizard shouts!
An ogre comes into view. It is wielding a +0 giant club.
The ogre shouts!
Casting: Magic Dart (safe; 1% risk of failure)
Confirm with . or Enter, or press ? or * to list all spells.
Aiming: Searing Ray (safe; 1% risk of failure)
Press: ? - help, Shift-Dir - straight line, f - ogre
Aim: an ogre, wielding a +0 giant club (90% to hit)
The searing ray hits the ogre.
The ogre is moderately wounded. (Press . to maintain the ray.)
The searing ray hits the ogre!
The ogre is heavily wounded.
The searing ray hits the ogre.
The ogre is heavily wounded.
The ogre hits you with a +0 giant club!!
Ouch! That really hurt!
* * * LOW HITPOINT WARNING * * *
Unknown command.
The ogre barely misses you.
There is an escape hatch in the ceiling here.
The ogre hits you with a +0 giant club!!
Ouch! That really hurt!
You die...

.......###.....#####...........##
.......##....<...##...........##
.....###....#................##
.......#....#.......##...#....#
.......#............###.##....#
..#..................#....#####
..###......................#
#.###..........O...........#
#.#...#.#.#.....@.......#.##
#.....###.##...........##...
##...## #.#.............#...#
.....)###.#...##.#.##.......#
..............########....###
....#........... #####
....##.......... #.####..)....#.#
#.........####


You could see an ogre.

Vanquished Creatures
  A scorpion (D:4)
  A centaur skeleton (D:4)
  A jelly (D:4)
  Ijyb (D:3)
  Robin (D:4)
  5 adders
  A dart slug (D:4)
  An orc (D:4)
  6 bats
  8 endoplasms
  4 giant cockroaches
  11 goblins
  8 hobgoblins
  2 jackals (D:2)
  3 quokkas (D:2)
  6 ball pythons
  A frilled lizard (D:2)
  9 kobolds
  A quokka skeleton (D:4)
  9 rats
80 creatures vanquished.

Vanquished Creatures (others)
  A plant (D:1)
1 creature vanquished.

Grand Total: 81 creatures vanquished

Notes
Turn   | Place    | Note
-------+----------+-------------------------------------------
     0 | D:1      | Labrat the Demigod Conjurer began the quest for the Orb.
     0 | D:1      | Reached XP level 1. HP: 14/14 MP: 5/5
   454 | D:1      | Reached XP level 2. HP: 20/20 MP: 3/7
   794 | D:1      | Reached skill level 4 in Conjurations
  1103 | D:2      | Learned a level 2 spell: Searing Ray
  1293 | D:2      | Got the Guide on Combat Magic
  1307 | D:2      | Reached XP level 3. HP: 26/26 MP: 2/9
  2116 | D:3      | Reached XP level 4. HP: 16/33 MP: 0/11
  2459 | D:3      | Noticed a sky beast
  3201 | D:3      | Noticed Ijyb
  3209 | D:3      | Killed Ijyb
  3493 | D:3      | Found a runed translucent door.
  3494 | D:3      | Noticed Crazy Yiuf
  3494 | D:3      | Found the +6 shillelagh "Devastator" {shatter}
  3650 | D:4      | Reached skill level 5 in Conjurations
  3650 | D:4      | Reached XP level 5. HP: 36/38 MP: 1/13
  3749 | D:4      | Noticed Robin
  3891 | D:4      | Killed Robin
  4254 | D:4      | Noticed an ogre
  4353 | D:4      | Mangled by an ogre

Illustrated notes

Levels and vault maps discovered:
D:1:      wander_arrival_lonely_grave, layout_basic, serial_forest,
          infiniplex_forest_straight_2, infiniplex_forest_diagonal,
          infiniplex_forest_clump_curved, infiniplex_forest_clump_small,
          infiniplex_forest_corner_1, infiniplex_forest_split,
          infiniplex_forest_split
D:2:      layout_loops_cross
D:3:      layout_loops_ring, serial_co_window_serial, co_window_corner_a,
          co_window_paths_a, co_window_corner_a, co_window_of_opportunity_a,
          co_window_corner_a, co_window_corner_ca, co_window_unsneaky_path_c,
          co_window_corner_b, co_window_broadway_b, co_window_of_opportunity_b,
          co_window_of_opportunity_c, co_window_corner_b, co_window_sun,
          glass_columns_a, glass_columns_a, glass_columns_a, glass_columns_b,
          glass_columns_b, grunt_ministairs_1, uniq_crazy_yiuf_cottage,
          uniq_ijyb
D:4:      layout_cave_pools, minmay_a_box_with_orc_wizards_in_it, uniq_robin

Skill      XL: |  1  2  3  4  5 |
---------------+----------------+-----
Spellcasting   | 2 3 4 |  4.3
Conjurations   | 4 5 |  5.0
Dodging        | |  1.7
Stealth        | |  1.7

Action                   |  1- 3 |  4- 6 || total
-------------------------+-------+-------++-------
 Cast: Magic Dart        |    69 |    46 ||   115
       Searing Ray       |     4 |    12 ||    16
Armor: Robe              |     1 |     6 ||     7
Dodge: Dodged            |     6 |    12 ||    18
